Map: Abyssal Reef LE

Players

Drows

  • Race: Terran Terran
  • Spawn Location: 11:00

Urdrak - Winner!

  • Race: Terran Terran
  • Spawn Location: 5:00

VOD

Have the link to the VOD?

Description

Time

  • Played on: April 20, 2017, 8:19 p.m.
  • Length: 33:04
Show
View Real Time Build Order
Export as new Build Order

Drows Terran 

Build Orders: 1/1/1 

Get SALT Encoding   

  12  0:01  SCV  
  13  0:13  SCV  
  14  0:20  Supply Depot  
  14  0:25  SCV  
  15  0:31  Refinery  
  15  0:47  SCV  
  15  0:49  Barracks  
  16  0:59  SCV  
  17  1:06  Supply Depot  
  18  1:11  SCV  
  18  1:23  SCV  
  19  1:33  Refinery  
  19  1:35  SCV  
  19  1:36  Factory  
  20  1:40  Marine  
  21  1:47  SCV  
  22  1:57  Marine  
  22  1:59  SCV  
  24  2:11  SCV  
  24  2:13  Supply Depot  
  25  2:20  Barracks Reactor  
  25  2:24  SCV  
  25  2:25  Starport  
  25  2:29  Widow Mine  
  28  3:03  Marine x2  
  28  3:10  Starport Tech Lab  
  28  3:16  Command Center  
  28  3:25  Marine x2  
  30  3:30  Supply Depot  
  30  3:32  Engineering Bay  
  30  3:33  SCV  
  31  3:43  Widow Mine  
  33  3:52  Supply Depot  
  33  3:59  Starport Reactor  
  33  4:04  Orbital Command  
  31  4:40  SCV  
  31  4:44  Marine x2  
  34  4:49  Widow Mine  
  34  4:51  Medivac x2  
  40  5:02  Marine x2  
  42  5:20  Marine x2  
  42  5:32  Command Center  
  40  5:37  Marine  
  40  5:38  Marine  
  40  5:40  Widow Mine  
  44  5:46  Terran Infantry Weapons Level 1  
  44  5:55  Marine, Orbital Command  
  44  5:56  Marine  
  46  6:20  SCV x2  
  48  6:31  Barracks  
  48  6:32  SCV x2  
  50  6:35  Engineering Bay  
  50  6:44  SCV  
  50  6:45  SCV  
  52  6:56  SCV  
  52  6:57  SCV  
  54  7:08  SCV  
  54  7:09  SCV  
  56  7:19  Barracks  
  48  7:44  Marine x2  
  50  8:01  Marine, Missile Turret  
  50  8:02  Marine  
  51  8:19  Marine  
  51  8:20  Marine  
  52  8:30  Missile Turret  
  52  8:37  Marine  
  52  8:38  Marine  
  54  8:53  Missile Turret  
  54  9:01  Marine  
  54  9:02  Marine  
  53  9:19  Marine  
  53  9:20  Marine  
  53  9:23  Missile Turret  
  54  9:32  Liberator  
  54  9:33  Liberator  
  54  9:37  Marine  
  54  9:38  Marine  
  55  9:52  Widow Mine  
  61  9:55  Marine x2  
  61  9:59  Barracks Reactor  
  65  10:00  Barracks Reactor  
  65  10:13  Marine x2  
  67  10:14  Terran Infantry Armor Level 1  
  67  10:21  Widow Mine  
  69  10:30  Marine  
  69  10:31  Marine  
  71  10:35  Armory  
  71  10:40  Supply Depot  
  71  10:48  Marine  
  71  10:49  Widow Mine, Marine  
  73  11:02  Supply Depot  
  73  11:03  Marine x4  
  77  11:06  Medivac x2, Marine  
  77  11:07  Marine  
  77  11:10  SCV  
  84  11:15  Refinery  
  84  11:17  Refinery  
  84  11:20  Marine  
  84  11:21  Marine x3  
  84  11:24  Marine x2  
  90  11:28  Supply Depot  
  90  11:36  Medivac x2  
  90  11:38  Marine  
  90  11:39  Marine x3  
  98  11:42  Marine x2  
  100  11:50  Supply Depot  
  100  11:56  Marine  
  100  11:57  Marine x3  
  100  11:59  Marine  
  100  12:08  Marine  
  100  12:14  Supply Depot, Marine x4  
  105  12:17  Marine  
  104  12:26  Marine  
  105  12:32  Marine x4  
  105  12:35  Marine  
  105  12:36  Supply Depot  
  110  12:44  Marine  
  110  12:50  Barracks, Marine x4  
  115  12:53  Marine  
  116  13:02  Marine  
  89  13:07  Marine  
  89  13:08  Marine x3  
  89  13:11  Marine  
  90  13:13  Liberator x2  
  90  13:19  Marine  
  90  13:25  Marine  
  90  13:26  Factory Tech Lab, Marine x3  
  95  13:29  Marine  
  102  13:37  Marine  
  103  13:43  Marine x3  
  103  13:44  Marine  
  103  13:46  Marine  
  108  13:55  Command Center, Marine  
  109  14:01  Marine x4  
  113  14:04  Marine  
  113  14:06  Command Center  
  114  14:11  Command Center, Orbital Command  
  114  14:13  Marine  
  114  14:15  Barracks Tech Lab  
  114  14:16  Liberator  
  115  14:17  Liberator  
  115  14:19  Marine x4  
  115  14:22  Marine  
  120  14:31  Marine  
  125  14:36  Command Center, Marine  
  125  14:37  Marine x3  
  131  14:38  Terran Infantry Weapons Level 2, Terran Infantry Armor Level 2  
  131  14:40  Marine  
  131  14:42  Terran Vehicle And Ship Armor Level 1  
  132  14:48  Marine  
  133  15:07  Marine x6  
  139  15:16  Medivac  
  139  15:17  Medivac  
  143  15:24  Marine x6  
  149  15:30  Siege Tank  
  152  15:42  Marine x6  
  158  15:50  SCV  
  159  16:00  Marine x6  
  159  16:02  Siege Tank, SCV  
  169  16:15  SCV  
  169  16:17  Stimpack  
  169  16:18  Marine x6  
  176  16:27  SCV  
  169  16:36  Terran Ship Weapons Level 1  
  169  16:39  SCV  
  114  17:18  Marine x6  
  120  17:23  Siege Tank  
  123  17:35  Marine  
  123  17:36  Marine x5  
  129  17:53  Marine  
  129  17:54  Marine x5  
  129  17:56  Siege Tank  
  138  18:11  Marine  
  138  18:12  Marine x5  
  141  18:18  Combat Shields  
  139  18:30  Terran Vehicle Weapons Level 1  
  134  18:38  Marine x6  
  104  18:50  Refinery  
  95  18:55  Marine  
  95  18:56  Marine x5  
  101  19:12  Supply Depot  
  101  19:13  Marine  
  101  19:14  Marine x5  
  107  19:31  Marine  
  107  19:32  Marine x5  
  107  19:34  Refinery  
  113  19:39  Refinery  
  113  19:42  Refinery  
  113  19:43  Refinery  
  113  19:47  SCV  
  113  19:48  Refinery  
  113  19:49  Marine x6  
  113  19:51  Starport  
  120  19:58  Planetary Fortress  
  120  19:59  SCV  
  121  20:02  Planetary Fortress  
  121  20:05  Orbital Command  
  121  20:06  Refinery  
  121  20:11  SCV  
  122  20:18  Marine  
  122  20:19  Marine x5  
  128  20:24  SCV  
  129  20:29  Starport  
  129  20:35  SCV  
  130  20:36  Marine, SCV  
  130  20:37  Marine x5  
  130  20:40  Terran Infantry Weapons Level 3  
  137  20:47  SCV  
  138  20:53  Refinery  
  138  20:54  Marine  
  138  20:55  Marine x5  
  144  20:59  SCV  
  145  21:08  Starport  
  145  21:11  SCV  
  145  21:12  Marine x6  
  145  21:13  Starport Tech Lab x2  
  152  21:23  SCV  
  153  21:30  Fusion Core  
  153  21:45  Starport  
  153  21:56  Orbital Command  
  150  22:10  Starport Tech Lab  
  150  22:42  SCV  
  150  22:43  Refinery  
  151  22:54  SCV  
  151  22:55  Battlecruiser  
  151  22:56  Battlecruiser x2  
  170  23:02  Starport Tech Lab  
  170  23:06  SCV  
  170  23:08  SCV x3  
  174  23:14  SCV  
  174  23:18  Terran Infantry Armor Level 3  
  176  23:20  SCV x3  
  176  23:21  SCV  
  176  23:26  SCV  
  181  23:32  SCV x3  
  181  23:33  SCV  
  175  23:38  SCV  
  172  23:44  SCV x2  
  172  23:45  SCV x2  
  165  23:50  SCV  
  166  23:56  Medivac, SCV  
  166  23:57  SCV x3  
  166  24:00  Battlecruiser  
  166  24:02  SCV  
  183  24:09  SCV  
  154  24:26  Medivac  
  66  25:29  Starport  
  66  25:35  Starport  
  66  25:36  Starport  
  66  25:41  Starport  
  66  26:07  Starport Tech Lab  
  66  26:12  Starport Tech Lab  
  66  26:14  Starport Tech Lab  
  52  26:46  Starport Tech Lab  
  47  26:48  Battlecruiser  
  53  27:20  Refinery  
  50  27:37  Supply Depot x2  
  50  27:56  Supply Depot  
  50  27:59  Battlecruiser x3  
  50  28:00  Supply Depot  
  50  28:01  Supply Depot  
  68  28:08  Battlecruiser  
  66  28:18  Supply Depot  
  66  28:24  Supply Depot  
  55  28:36  SCV  
  56  28:42  Supply Depot  
  56  28:48  SCV  
  57  29:00  SCV  
  55  29:03  Battlecruiser x2  
  55  29:04  Supply Depot  
  65  29:13  SCV  
  72  29:25  SCV  
  72  29:27  Supply Depot  
  73  29:49  Command Center  
  28  30:58  Command Center  
  22  31:35  SCV  
  17  31:47  Barracks, SCV  
  18  31:59  SCV  
  19  32:11  SCV  
  14  32:23  SCV  
Show
View Real Time Build Order
Export as new Build Order

Urdrak Terran - Winner!

Build Orders:  

Get SALT Encoding   

  12  0:02  SCV  
  13  0:14  SCV  
  13  0:19  Supply Depot  
  14  0:26  SCV  
  15  0:44  Barracks  
  15  0:46  SCV  
  16  0:52  Refinery  
  16  0:58  SCV  
  17  1:10  SCV  
  18  1:15  Refinery  
  18  1:30  Orbital Command  
  18  1:32  Marine  
  19  1:50  Barracks Reactor  
  19  2:09  SCV  
  19  2:11  Command Center  
  20  2:21  SCV  
  21  2:24  Supply Depot  
  21  2:33  Factory, SCV  
  21  2:34  Marine  
  23  2:42  Marine  
  23  2:45  SCV  
  24  2:57  SCV  
  24  3:08  Marine x2  
  26  3:20  Factory Tech Lab  
  26  3:21  Supply Depot  
  26  3:26  Marine x2  
  28  3:27  Starport  
  28  3:42  Siege Tank  
  31  3:56  SCV  
  32  4:08  SCV  
  32  4:20  SCV  
  33  4:32  SCV  
  34  4:44  SCV  
  35  4:48  SCV  
  35  4:50  Supply Depot  
  35  4:52  Medivac  
  38  4:53  Widow Mine  
  38  4:56  SCV, Marine x2  
  43  5:06  Engineering Bay  
  43  5:08  SCV  
  43  5:14  Marine x2  
  44  5:20  SCV  
  46  5:21  Widow Mine  
  48  5:31  Marine  
  48  5:32  SCV, Marine  
  51  5:47  Orbital Command  
  51  5:49  Marine x2  
  53  6:23  SCV  
  54  6:28  Refinery  
  54  6:30  Refinery  
  54  6:33  Starport Tech Lab  
  54  6:35  SCV  
  55  6:42  Siege Tank  
  55  6:43  Barracks  
  57  6:47  SCV  
  55  6:59  SCV  
  56  7:14  Siege Tank  
  52  7:44  SCV  
  53  7:56  SCV  
  48  8:08  SCV  
  42  8:20  SCV  
  43  8:32  SCV  
  44  8:35  Command Center  
  41  8:45  Siege Tank  
  41  8:46  Barracks Tech Lab  
  41  8:47  Marine x2  
  42  9:05  Marine x2  
  47  9:17  Siege Tank  
  47  9:23  Marine x2  
  47  9:40  Marine x2  
  47  9:43  Marauder  
  51  9:47  Combat Shields  
  51  9:49  Siege Tank  
  54  9:58  Marine x2  
  56  10:00  Refinery  
  56  10:01  Refinery  
  56  10:02  SCV  
  56  10:05  Marauder  
  60  10:14  SCV  
  60  10:16  Terran Infantry Weapons Level 1  
  60  10:19  SCV  
  60  10:21  Siege Tank  
  64  10:26  SCV  
  64  10:27  Planetary Fortress  
  65  10:31  SCV  
  65  10:38  SCV  
  66  10:43  SCV  
  67  10:50  SCV  
  67  10:53  Siege Tank  
  67  10:55  SCV  
  72  11:04  SCV  
  72  11:07  Stimpack, SCV  
  72  11:09  Marauder  
  72  11:10  Marine  
  77  11:17  Marine  
  76  11:18  SCV  
  76  11:19  SCV  
  76  11:27  Medivac  
  76  11:29  Marine  
  76  11:30  SCV  
  76  11:31  SCV  
  77  11:33  Marauder  
  77  11:34  Marine  
  77  11:44  SCV  
  77  12:00  SCV  
  77  12:01  Marine  
  77  12:02  Marine  
  77  12:05  Marauder  
  77  12:10  Terran Infantry Armor Level 1  
  77  12:42  SCV  
  77  12:43  SCV  
  77  12:44  Marine  
  77  12:46  Marine  
  77  12:48  Marauder  
  77  12:50  Medivac  
  77  12:54  Siege Tank  
  77  12:55  SCV  
  77  12:56  SCV  
  76  13:02  SCV  
  76  13:07  Concussive Shells, SCV  
  77  13:38  Supply Depot  
  77  13:40  Supply Depot  
  77  13:47  Armory  
  77  13:59  Medivac, SCV x3, Marauder  
  77  14:00  Supply Depot  
  84  14:07  Supply Depot  
  84  14:11  SCV x3  
  87  14:22  Supply Depot  
  87  14:23  SCV x3  
  90  14:29  Supply Depot, Command Center  
  90  14:35  SCV x3  
  90  14:37  Terran Vehicle And Ship Armor Level 1  
  90  14:38  Terran Infantry Weapons Level 2  
  93  14:42  Marauder  
  93  14:43  Marine  
  93  14:44  Marine  
  97  14:46  Siege Tank  
  97  14:48  SCV x3  
  97  14:51  Supply Depot  
  103  15:00  SCV  
  103  15:01  Marine x2  
  103  15:03  Marauder  
  108  15:09  Ghost Academy  
  108  15:10  SCV  
  108  15:12  SCV  
  109  15:18  Siege Tank  
  109  15:19  Marine x2  
  114  15:22  SCV  
  114  15:24  Marauder, SCV  
  118  15:35  Viking  
  121  15:37  Marine x2  
  118  15:46  Marauder  
  116  15:50  Siege Tank  
  116  15:52  Planetary Fortress  
  118  16:01  Refinery  
  118  16:02  Refinery  
  118  16:05  Viking  
  118  16:07  Marauder  
  122  16:22  Siege Tank  
  121  16:54  Siege Tank, Terran Infantry Armor Level 2  
  103  17:26  Marauder  
  103  17:28  Siege Tank  
  108  17:30  Marine  
  108  17:31  Marine  
  110  17:38  SCV  
  111  17:47  Marauder  
  111  17:48  Marine x2, SCV  
  111  17:49  SCV  
  111  17:50  SCV  
  118  18:00  Siege Tank, SCV  
  118  18:01  SCV  
  118  18:02  SCV  
  123  18:06  Marine x2  
  123  18:08  Marauder  
  123  18:12  SCV  
  124  18:14  SCV x2  
  124  18:24  Marine x2, SCV  
  124  18:27  SCV  
  128  18:30  Marauder  
  129  18:36  SCV  
  129  18:51  Marauder  
  131  19:01  SCV  
  132  19:13  SCV  
  132  19:15  Terran Infantry Weapons Level 3  
  133  19:17  Terran Vehicle And Ship Armor Level 2  
  133  19:19  Marine x2  
  133  19:23  Siege Tank  
  138  19:32  Supply Depot  
  138  19:34  Supply Depot  
  138  19:36  Supply Depot  
  138  19:37  Supply Depot  
  138  19:51  Personal Cloaking  
  138  19:54  SCV, Marine x2  
  138  19:55  Siege Tank  
  138  19:56  Ghost  
  146  20:00  Supply Depot x2  
  146  20:06  SCV  
  147  20:12  Marine x2  
  149  20:14  Command Center  
  149  20:15  Command Center  
  149  20:18  SCV  
  150  20:25  Ghost  
  152  20:29  Marine x2  
  152  20:30  SCV  
  155  20:36  Medivac  
  157  20:42  SCV  
  158  20:54  Marauder  
  158  20:55  SCV  
  158  20:56  High Capacity Fuel Tanks  
  161  21:06  Medivac  
  161  21:07  SCV  
  161  21:08  Marine x2  
  166  21:16  Marauder  
  166  21:17  Nuke  
  168  21:23  Supply Depot  
  168  21:24  Supply Depot  
  168  21:25  Marine  
  168  21:26  Marine  
  168  21:27  Supply Depot  
  170  21:33  Terran Vehicle Weapons Level 1  
  170  21:36  Raven  
  170  21:37  Marauder  
  174  21:43  Marine x2  
  174  21:47  Supply Depot  
  176  21:52  Terran Infantry Armor Level 3  
  176  21:58  Marauder  
  178  22:01  Marine x2  
  180  22:20  Marauder  
  180  22:26  Marine x2  
  182  22:40  Ghost  
  182  22:44  Marine x2  
  186  22:59  Planetary Fortress  
  186  23:02  Planetary Fortress, Marine x2  
  188  23:09  Ghost  
  190  23:19  Marine x2  
  192  23:27  Terran Vehicle And Ship Armor Level 3  
  150  24:56  Marine  
  151  25:00  Viking  
  151  25:03  Marine x2  
  149  25:14  Marine  
  143  25:21  Marine x2  
  139  25:30  Viking  
  139  25:31  Marine  
  134  25:39  Marine x2  
  136  25:49  Marine  
  134  25:57  Marine x2  
  125  25:58  Command Center  
  125  26:00  Viking  
  123  26:07  Marine  
  119  26:14  Siege Tank  
  119  26:15  Marine x2  
  118  26:20  Nuke  
  118  26:23  Terran Vehicle Weapons Level 2  
  118  26:25  Ghost  
  117  26:30  Viking  
  115  26:33  Marine x2  
  114  26:46  Siege Tank  
  114  26:51  Marine x2  
  114  26:53  Ghost  
  118  27:00  Viking  
  113  27:09  Marine x2  
  110  27:18  Siege Tank  
  110  27:22  Ghost, SCV  
  116  27:34  SCV  
  114  27:43  Barracks  
  114  27:46  SCV  
  114  27:50  Ghost  
  114  27:51  Siege Tank  
  120  27:58  SCV  
  121  28:10  SCV  
  122  28:23  Siege Tank  
  125  28:31  Barracks, Barracks Reactor  
  125  28:32  Marine x2  
  127  28:37  Marauder  
  127  28:41  Medivac  
  131  28:50  Marine x2  
  131  28:55  Siege Tank  
  136  28:58  Marauder  
  134  29:08  Marine x2  
  129  29:10  Medivac  
  130  29:19  Marauder  
  131  29:26  Marine x2  
  131  29:27  Siege Tank  
  132  29:40  Medivac  
  132  29:41  Marine, Marauder, Barracks Reactor  
  132  29:42  Marine  
  136  29:59  Siege Tank, Marine x2  
  136  30:02  Marauder  
  127  30:17  Marine x2  
  123  30:25  Marine x5  
  119  30:31  Siege Tank  
  119  30:33  Viking  
  119  30:35  Marine x2  
  115  30:42  Marine  
  115  30:43  Marine x4  
  118  30:53  Marine x2  
  116  30:58  SCV  
  116  31:00  Marine  
  116  31:01  Marine x4  
  116  31:03  Viking  
  121  31:05  Planetary Fortress  
  121  31:10  Marine, SCV  
  121  31:11  Marine  
  118  31:18  Marine x2  
  118  31:22  SCV  
  110  31:33  Viking  
  110  31:34  SCV  
  110  31:39  Marine x7  
  104  31:56  Marine  
  104  31:57  Marine x6  
  110  32:03  Viking  
  109  32:08  Command Center  
  109  32:14  Marine x2  
  109  32:15  Marine x5  
  116  32:32  Marine x4  
  116  32:33  Marine x3, Viking  
Tags
 
Matchup
TvT
Opening
1/1/1
Race
Terran
Spawn Locations
Cross Positions
Add a new tag
Caveats
  • Supply blocks, unpowered buildings, or Contaminate may cause inaccurate times.
  • Supply counts are checked every 10 seconds.